 Dungeon Crawl Stone Soup version 0.28.0-53-g5a82cb258f (webtiles) character file.

Game seed: 12215446769506584995

19 yppahwax the Grasshopper (level 2, -3/26 HPs)
             Began as a Gnoll Warper on Sept 2, 2022.
             Was a High Priest of Ignis.
             Slain by a water moccasin skeleton (5 damage)
             ... on level 4 of the Dungeon on Sept 6, 2022.
             The game lasted 00:07:15 (449 turns).

yppahwax the Grasshopper (Gnoll Warper)              Turns: 449, Time: 00:07:16

Health: -3/26      AC:  3    Str: 10    XL:     2   Next: 75%
Magic:  7/7        EV: 12    Int: 12    God:    Ignis [*****.]
Gold:   39         SH:  0    Dex: 11    Spells: 10/10 levels left

rFire   + . .      SeeInvis .   a - +0 spear
rCold   . . .      Faith    .   (no shield)
rNeg    . . .      Spirit   .   b - +0 leather armour {blood}
rPois   .          Reflect  .   (no helmet)
rElec   .          Harm     .   (no cloak)
rCorr   .          Rampage  .   (no gloves)
Will    .....                   (no boots)
Stlth   +.........              (no amulet)
HPRegen 0.08/turn               (no ring)
MPRegen 0.10/turn               (no ring)

@: no status effects
A: fangs 1, strong nose, distributed training
a: Renounce Religion, Fiery Armour, Foxfire Swarm, Rising Flame


You were on level 4 of the Dungeon.
You worshipped Ignis.
Ignis was extremely pleased with you.
You visited 1 branch of the dungeon, and saw 4 of its levels.

You collected 39 gold pieces.

Inventory:

Hand Weapons
 a - a +0 spear (weapon)
 e - a +0 hand axe of venom
 h - a +0 hunting sling of flaming
Missiles
 d - 5 boomerangs of dispersal (quivered)
 g - 3 poisoned darts
Armour
 b - a +0 leather armour (worn) {blood}
 f - a +0 cloak
 k - a +0 leather armour
Scrolls
 c - a scroll of blinking
 i - a scroll of torment {unknown}
 j - a scroll of identify {unknown}


   Skills:
 + Level 4.5 Fighting
 + Level 0.5 Short Blades
 + Level 0.5 Long Blades
 + Level 0.5 Axes
 + Level 0.5 Maces & Flails
 + Level 4.5 Polearms
 + Level 0.5 Staves
 + Level 0.5 Slings
 + Level 0.5 Bows
 + Level 0.5 Crossbows
 + Level 2.5 Throwing
 + Level 2.5 Armour
 + Level 4.5 Dodging
 + Level 0.5 Stealth
 + Level 0.5 Shields
 + Level 0.5 Unarmed Combat
 + Level 4.9 Spellcasting
 + Level 0.3 Conjurations
 + Level 0.3 Hexes
 + Level 0.3 Summonings
 + Level 0.3 Necromancy
 + Level 5.3 Translocations
 + Level 0.3 Transmutations
 + Level 0.3 Fire Magic
 + Level 0.3 Ice Magic
 + Level 0.3 Air Magic
 + Level 0.3 Earth Magic
 + Level 0.3 Poison Magic
 + Level 0.6 Invocations
 + Level 0.5 Evocations


You had 10 spell levels left.
You didn't know any spells.
Your spell library contained the following spells:

 Spells                   Type           Power      Damage    Failure   Level
 Blink                    Tloc           30%        N/A       4%          2
 Gell's Gravitas          Tloc           15%        N/A       9%          3
 Lesser Beckoning         Tloc           15%        N/A       9%          3
 Teleport Other           Tloc           15%        N/A       9%          3
 Dazzling Flash           Conj/Hex       6%         N/A       56%         3
 Manifold Assault         Tloc           15%        N/A       63%         5
 Agony                    Necr           3%         N/A       99%         5
 Silence                  Hex/Air        1%         N/A       99%         5


Dungeon Overview and Level Annotations

Branches:
Dungeon (4/15)
 Temple: D:4-7

Altars:
Ignis

Annotations:
D:2 Robin


Innate Abilities, Weirdness & Mutations

You have very sharp teeth.
Your uncanny sense of smell can sniff out nearby items.
Your experience applies equally to all skills.


Message History

You hit the ball python but do no damage.
Your bite misses the ball python. The ball python closely misses you.
The ball python barely misses you.
You hit the ball python. Your bite misses the ball python.
The ball python is moderately wounded.
The ball python closely misses you. The ball python barely misses you.
You hit the ball python. Your bite misses the ball python.
The ball python is severely wounded.
The ball python closely misses you. The ball python grabs you.
The ball python constricts you.
You escape the ball python's grasp.
The ball python closely misses you. x2
The ball python barely misses you. x2
Found 22 stones.
The ball python bites you.
* * * LOW HITPOINT WARNING * * *
The ball python grabs you. The ball python constricts you.
You hit the ball python.
You kill the ball python!
You open the door.
A goblin comes into view. It is wielding a +0 club.
Found a whip.
A kobold comes into view. It is wielding a +0 club.
Found a scroll labelled LYUNAW RYOTUAB, 19 stones and an iron ring.
The kobold shouts!
The goblin shouts!
You hear a shout!
A water moccasin skeleton comes into view.
An ogre comes into view. It is wielding a +0 giant spiked club.
There is an open door here.
You see here a +0 whip.
You closely miss the goblin. The goblin misses you.
You hit the goblin.
You kill the goblin!
The water moccasin skeleton bites you.
* * * LOW HITPOINT WARNING * * *
Things that are here:
a +0 club; a goblin corpse You hit the water moccasin skeleton.
The water moccasin skeleton is lightly damaged.
The water moccasin skeleton bites you.
You die...

...# #......# ...#
#......## #..##
#.......####
#..#####...........
∆##................> #
#....#....(<.......
##.##.#...............
###..O#'##..#...........
=(..?KZ@)##....#........
###...####.....###.##.##
##.# #....### .# # #.
.......# .# #∆ #......#
^# #....#..# .....#...
(........


You could see an ogre, a kobold and a water moccasin skeleton.

Vanquished Creatures
  2 dart slugs
  A ball python (D:4)
  6 goblins
  A hobgoblin (D:2)
  A bat (D:1)
  3 rats
14 creatures vanquished.

Notes
Turn   | Place    | Note
-------+----------+-------------------------------------------
     0 | D:1      | yppahwax the Gnoll Warper began the quest for the Orb.
     0 | D:1      | Reached XP level 1. HP: 20/20 MP: 6/6
   318 | D:2      | Reached XP level 2. HP: 22/26 MP: 7/7
   370 | D:2      | Noticed Robin
   388 | D:2      | HP: 1/26 [goblin/+0 dagger[Robin] (2)]
   407 | D:3      | Found a faded altar of an unknown god.
   411 | D:3      | Prayed at the altar of an unknown god.
   411 | D:3      | Became a worshipper of Ignis, the Dying Flame
   444 | D:4      | Noticed an ogre
   449 | D:4      | Slain by a water moccasin skeleton

Illustrated notes

Levels and vault maps discovered:
D:1:      dpeg_arrival_three_bigger_balls, layout_basic
D:2:      layout_loops_ring, uniq_robin
D:3:      layout_basic, nicolae_ecumenical_pavilion, corexii_corridor_pit
D:4:      layout_basic, minmay_fractal_squares_gapless_5

Action                   || total
-------------------------++-------
Melee: Spear             ||    43
       Bite              ||     3
       Punch             ||     1
 Stab: Sleeping          ||     1
Armor: Leather armour    ||    10
Dodge: Dodged            ||    39
